 Dungeon Crawl Stone Soup version 0.31-a0-1227-g0136665373 (webtiles) character file.

Game seed: 12015951538388193843

39123 BubbleThief the Metamorph (level 14, -3/142 HPs)
             Began as a Merfolk Shapeshifter on Dec 14, 2023.
             Was a High Priest of Wu Jian.
             Slain by a minotaur
             ... wielding a +2 eveningstar of venom
              (8 damage)
             ... in a Gauntlet.
             The game lasted 00:24:14 (15389 turns).

BubbleThief the Metamorph (Merfolk Shapeshifter)   Turns: 15389, Time: 00:24:15

Health: -3/142     AC: 16    Str: 24    XL:     14   Next: 5%
Magic:  14/14      EV: 20    Int:  9    God:    Wu Jian [*****.]
Gold:   774        SH:  0    Dex: 14    Spells: 13/13 levels left

rFire   . .          .
                       - Unarmed
rCold   . . .        (shield currently unavailable)
rNeg    . . .        w - melded +5 ring mail of Winter {*Slow rElec rC+ rN+++}
rPois   +            p - melded +1 helmet
rElec   .            H - melded scarf {shadows}
rCorr   .            (gloves currently unavailable)
SInv    .            (boots currently unavailable)
Will    +....        N - amulet of regeneration
Stlth   +            M - +4 ring of protection
HPRegen 1.23/turn    P - +5 ring of evasion
MPRegen 0.14/turn

%: no teleportation
@: lethally poisoned (-3 -> -5), exhausted, snake-form
A: constrict, boosted hp, large, (nimble swimmer 2), (mertail)
a: Begin Untransformation, Renounce Religion, Wall Jump, Serpent's Lash,
Heavenly Storm


You were in a Gauntlet.
You worshipped Wu Jian.
Wu Jian was extremely pleased with you.
You were an enormous serpent.
You visited 2 branches of the dungeon, and saw 14 of its levels.
You also visited: Ossuary and Gauntlet.

You collected 824 gold pieces.
You spent 50 gold pieces at shops.

Inventory:

Missiles
 e - a throwing net
Armour
 p - a +1 helmet (melded)
 w - the +5 ring mail of Winter (melded) {*Slow rElec rC+ rN+++}
   (You found it on level 3 of the Dungeon)

   rC+:       It protects you from cold.
   rElec:     It insulates you from electricity.
   rN+++:     It renders you almost immune to negative energy.
   *Slow:     It may slow you when you take damage.
 H - a scarf of shadows (melded)
 S - the +1 pair of boots of Intercession {rF+ rN+ Str+2 Int+2}
   (You found it in a Gauntlet)

   Str+2:     It affects your strength (+2).
   Int+2:     It affects your intelligence (+2).
   rF+:       It protects you from fire.
   rN+:       It protects you from negative energy.
Jewellery
 h - an amulet of guardian spirit
 y - a ring of protection from fire
 L - the ring of Gudeoptosao {rPois rF+ rC- MP+9}
   (You found it in a Gauntlet)

   [ring of magical power]

   rF+:       It protects you from fire.
   rC-:       It makes you vulnerable to cold.
   rPois:     It protects you from poison MP+9: It affects your magic capacity
   (+9).
 M - a +4 ring of protection (left hand)
 N - an amulet of regeneration (around neck)
 P - a +5 ring of evasion (right hand)
 Q - a ring of poison resistance
Talismans
 d - a flux talisman
 f - a storm talisman
 m - a maw talisman
 K - a serpent talisman (active)
Wands
 c - a wand of roots (18)
 k - a wand of light (3)
 u - a wand of polymorph (6)
 A - a wand of charming (4)
 I - a wand of flame (52)
 O - a wand of digging (8)
Scrolls
 a - 2 scrolls of fog
 g - 2 scrolls of poison
 i - 3 scrolls of fear
 n - 3 scrolls of enchant armour
 q - a scroll of blinking
 x - 5 scrolls of identify
 E - 9 scrolls of teleportation
 J - 3 scrolls of enchant weapon
Potions
 b - 3 potions of lignification
 j - a potion of berserk rage
 l - 3 potions of mutation
 o - a potion of ambrosia {unknown}
 r - 5 potions of curing
 s - 7 potions of heal wounds
 t - 6 potions of might
 v - a potion of cancellation {unknown}
 z - a potion of resistance {unknown}
 B - a potion of haste {unknown}
 C - 2 potions of magic
 D - a potion of attraction {unknown}
 F - a potion of invisibility {unknown}
 G - 3 potions of brilliance {unknown}
Miscellaneous
 R - a phial of floods


   Skills:
 + Level 13.9 Fighting
 - Level 13.0 Dodging
 + Level 14.2 Unarmed Combat
 + Level 15.4 Shapeshifting


You had 13 spell levels left.
You didn't know any spells.
Your spell library contained the following spells:

 Spells                   Type           Power      Damage    Failure   Level
 Magic Dart               Conj           0%         1d3       38%         1
 Slow                     Hex            0%         N/A       38%         1
 Blink                    Tloc           0%         N/A       52%         2
 Call Imp                 Summ           0%         N/A       52%         2
 Cigotuvi's Dreadful Rot  Necr/Pois/Air  0%         N/A       52%         2
 Lesser Beckoning         Tloc           0%         N/A       52%         2
 Momentum Strike          Conj/Tloc      0%         3d8       52%         2
 Passwall                 Tmut/Erth      0%         N/A       52%         2
 Poisonous Vapours        Pois/Air       0%         N/A       52%         2
 Scorch                   Fire           0%         2d5       52%         2
 Sublimation of Blood     Necr           0%         N/A       52%         2
 Wereblood                Tmut           0%         N/A       52%         2
 Confusing Touch          Hex            0%         N/A       77%         3
 Frozen Ramparts          Ice            0%         1d1       77%         3
 Ignite Poison            Fire/Tmut/Pois 0%         N/A       77%         3
 Mephitic Cloud           Conj/Pois/Air  0%         N/A       77%         3
 Ozocubu's Armour         Ice            0%         N/A       77%         3
 Sigil of Binding         Hex            0%         N/A       77%         3
 Vampiric Draining        Necr           0%         2d6       77%         3
 Flame Wave               Conj/Fire      0%         2d4       99%         4
 Olgreb's Toxic Radiance  Pois           0%         N/A       99%         4
 Petrify                  Tmut/Erth      0%         N/A       99%         4
 Sticky Flame             Conj/Fire      0%         2d3       99%         4
 Agony                    Necr           0%         N/A       100%        5
 Freezing Cloud           Conj/Ice/Air   0%         6-21      100%        5
 Summon Cactus Giant      Summ           0%         N/A       100%        6
 Haunt                    Necr/Summ      0%         N/A       100%        7
 Ozocubu's Refrigeration  Ice            0%         4d7       100%        7
 Summon Hydra             Summ           0%         N/A       100%        7
 Ignition                 Fire           0%         3d3       100%        8


Dungeon Overview and Level Annotations

Branches:
Dungeon (11/15)            Temple (0/1) D:6            Lair (3/5) D:11
 Shoals (0/4) Lair:2        Snake (0/4) Lair:2          Orc (0/2) D:9
Ossuary (visited)         Gauntlet (1/1)

Altars:
Ashenzari
Cheibriados
Hepliaklqana
Okawaru
Qazlal
Ru
Trog
Uskayaw
Vehumet
Wu Jian
Xom
Zin
The Shining One

Shops:
D:2 (   D:4 !(:   D:8 [

Annotations:
D:11 exclusions: oklob plant and oklob sapling Gauntlet 4 transporters, 1 runed translucent door


Innate Abilities, Weirdness & Mutations

You are an enormous serpent.
You have a powerful constriction melee attack.
Your maximum health is increased.
Your armour is entirely melded.
You are incapable of wielding weapons or throwing items.
((You are very nimble when in or above water. (Stealth+, EV+, Speed+++)))
((Your lower body shifts to a powerful aquatic tail in water.))


Message History

You lash the minotaur!
The minotaur is moderately wounded.
You constrict the minotaur, but do no damage.
You feel sick.
You hit the minotaur but do no damage.
The minotaur is moderately wounded.
You constrict the minotaur.
You feel sick.
The minotaur hits you with a +2 eveningstar of venom!!
The minotaur completely misses you.
You hit the minotaur but do no damage.
The minotaur is moderately wounded.
You constrict the minotaur.
You feel sick.
The minotaur hits you with a +2 eveningstar of venom!!
* * * LOW HITPOINT WARNING * * *
You are more poisoned.
The minotaur barely misses you.
You hit the minotaur but do no damage.
The minotaur is moderately wounded.
You constrict the minotaur.
You feel very sick.
The minotaur hits you with a +2 eveningstar of venom!
* * * LOW HITPOINT WARNING * * *
The minotaur gores you but does no damage.
You crush the minotaur!!!
The minotaur is almost dead.
You constrict the minotaur.
You feel sick.
Unknown command.
You hit the minotaur but do no damage.
The minotaur is almost dead.
You constrict the minotaur.
You feel sick.
The minotaur hits you with a +2 eveningstar of venom.
* * * LOW HITPOINT WARNING * * *
The minotaur gores you but does no damage.
Unknown command.
You barely miss the minotaur.
The minotaur furiously retaliates!
The minotaur headbutts you, but does no damage.
The minotaur is almost dead.
You constrict the minotaur.
You feel sick.
The minotaur hits you with a +2 eveningstar of venom!
You die...

##### #8∩8# #!.|#
#8.8# ## #[.=#
###8.#8.8# #....#.H.#
#.#..#8S8# #
#.#..##'##..#.#
#.............#
#.#.##.#.##.#.#
#.#....#....#.#
###.#.#######.#.###
##≈...............≈##
#≈≈..8©8©8©8©8©8..≈≈#
##≈...............≈#


You could see a minotaur (reflecting).

Vanquished Creatures
  An anaconda (Lair:2)
  3 hydras (Lair:2)
  Erica (D:11)
  2 death yaks
  2 two-headed ogres
  A tengu warrior (D:11)
  Urug (Lair:2)
  Sonja (Lair:1)
  3 fire crabs (Lair:2)
  2 sixfirhies (Gauntlet)
  2 large abominations (Gauntlet)
  An arcanist (Gauntlet)
  2 manticores
  A worldbinder (Gauntlet)
  A water nymph (Lair:2)
  16 elephants
  An ice statue (Gauntlet)
  A black mamba (Lair:3)
  5 cane toads
  A gargoyle (D:11)
  3 rime drakes
  3 komodo dragons
  2 kobold demonologists (D:10)
  Psyche (D:11)
  3 polar bears (Lair:2)
  4 hornets
  A troll (D:11)
  4 blink frogs (Lair:2)
  34 yaks
  4 wyverns
  2 wraiths
  5 basilisks
  3 steam dragons
  3 vampire mosquitoes (D:11)
  Menkaure (D:5)
  2 acid dragons
  5 nagas (Lair:2)
  8 water moccasins
  2 orc warriors (D:9)
  3 sky beasts
  3 black bears
  6 small abominations (Gauntlet)
  3 boggarts (Gauntlet)
  4 wolves
  4 ogres
  3 phantoms
  5 centaurs
  2 kobold brigands (D:10)
  16 bullfrogs
  An elf zombie (Ossuary)
  2 gnoll sergeants
  2 scorpions
  10 killer bees
  4 howler monkeys
  An electric eel (Lair:2)
  2 orc priests (D:9)
  A gnoll bouda (D:5)
  4 hounds
  2 jellies (D:6)
  An iguana (D:5)
  3 orc wizards
  2 scorpion zombies (D:7)
  A killer bee zombie (D:7)
  3 mummies (Ossuary)
  17 gnolls
  2 howler monkey skeletons (D:7)
  10 adders
  A shadow imp (D:6)
  3 white imps
  2 ufetubi (D:5)
  A worm (D:5)
  2 dart slugs
  22 orcs
  16 ball pythons
  6 endoplasms
  4 hobgoblins
  3 jackals (D:2)
  3 quokkas
  3 bats
  5 frilled lizards
  17 goblins
  3 goblin zombies (Ossuary)
  3 hobgoblin zombies (Ossuary)
  10 kobolds
  2 kobold zombies (Ossuary)
  An orc zombie (Ossuary)
  3 rats
365 creatures vanquished.

Vanquished Creatures (others)
  A rime drake (Gauntlet)
1 creature vanquished.

Grand Total: 366 creatures vanquished

Notes
Turn   | Place    | Note
-------+----------+-------------------------------------------
     0 | D:1      | BubbleThief the Merfolk Shapeshifter began the quest for
                  | the Orb.
     0 | D:1      | Reached XP level 1. HP: 15/15 MP: 1/1
   228 | D:1      | Reached XP level 2. HP: 21/21 MP: 2/2
   568 | D:1      | Got the Textbook on Elliptic Congelation
   616 | D:2      | Reached XP level 3. HP: 25/27 MP: 3/3
   714 | D:2      | Noticed a phantom
   748 | D:2      | Killed a phantom
   749 | D:2      | Reached skill level 5 in Shapeshifting
   749 | D:2      | Reached XP level 4. HP: 20/35 MP: 2/4
   874 | D:2      | Reached XP level 5. HP: 37/41 MP: 5/5
  1112 | D:2      | Upgraded the game from 0.31-a0-1206-g41278d8d1d to
                  | 0.31-a0-1227-g0136665373
  1419 | D:2      | Found Eloreyfo's Weapon Emporium.
  1842 | D:3      | You fall into a shaft and drop 1 floor!
  1842 | D:4      | Found Tyfis's Distillery.
  1843 | D:4      | Bought a potion of heal wounds for 50 gold pieces
  1851 | D:4      | Found a stormy altar of Qazlal.
  1855 | D:4      | Noticed a fire elemental
  1855 | D:4      | Noticed an air elemental
  1855 | D:4      | Noticed a water elemental
  1863 | D:4      | Noticed an ogre
  1869 | D:4      | Killed an ogre
  1870 | D:4      | Reached XP level 6. HP: 48/48 MP: 6/6
  1936 | D:4      | Found Qoahuc's Antique Weapon Boutique.
  1948 | D:4      | Identified the +5 whip "Vipsasmo" {drain, Stlth+}
  2086 | D:4      | Found Padesoc's Book Boutique.
  2376 | D:3      | Found an ornate altar of the Wu Jian Council.
  2384 | D:3      | Found a sacrificial altar of Ru.
  2389 | D:3      | Found a hide-covered altar of Uskayaw.
  2389 | D:3      | Found a broken altar of Ashenzari.
  2395 | D:3      | Found a radiant altar of Vehumet.
  2418 | D:3      | Became a worshipper of the Wu Jian Council
  2451 | D:3      | Identified the +5 ring mail of Winter {*Slow rElec rC+
                  | rN+++}
  2761 | D:4      | Found a shimmering altar of Xom.
  2773 | D:4      | Reached skill level 5 in Unarmed Combat
  3058 | D:5      | Entered Level 5 of the Dungeon
  3125 | D:5      | Reached skill level 6 in Shapeshifting
  3316 | D:5      | Noticed Menkaure
  3317 | D:5      | Found a glowing golden altar of the Shining One.
  3326 | D:5      | Killed Menkaure
  3327 | D:5      | Reached XP level 7. HP: 26/55 MP: 3/7
  3489 | D:5      | Reached * piety under Wu Jian
  3490 | D:5      | Reached skill level 5 in Fighting
  3551 | D:5      | Reached skill level 7 in Shapeshifting
  3984 | D:5      | Reached XP level 8. HP: 62/63 MP: 8/8
  5180 | D:6      | Found a staircase to the Ecumenical Temple.
  5215 | D:6      | Reached skill level 8 in Shapeshifting
  5944 | D:6      | Reached XP level 9. HP: 71/72 MP: 7/9
  6350 | D:7      | Found a snail-covered altar of Cheibriados.
  6427 | D:7      | Reached ** piety under Wu Jian
  6436 | D:7      | Reached skill level 9 in Shapeshifting
  6565 | D:7      | Found a sand-covered staircase.
  6578 | Ossuary  | Entered an ossuary
  7858 | D:8      | Found Viveit's Antique Armour Shop.
  7877 | D:8      | Identified the +0 chain mail of Tulips {rPois}
  8118 | D:8      | Found a bloodstained altar of Trog.
  8655 | D:9      | Reached skill level 10 in Shapeshifting
  8750 | D:9      | Found a staircase to the Orcish Mines.
  8934 | D:9      | Found a glowing silver altar of Zin.
  9040 | D:9      | Reached XP level 10. HP: 70/82 MP: 7/10
  9268 | D:9      | Reached *** piety under Wu Jian
  9325 | D:9      | Reached skill level 10 in Unarmed Combat
  9755 | D:9      | Reached skill level 11 in Shapeshifting
  9963 | D:10     | Entered Level 10 of the Dungeon
 10036 | D:10     | Noticed a two-headed ogre
 10036 | D:10     | Noticed a kobold demonologist
 10037 | D:10     | Noticed a kobold demonologist
 10041 | D:10     | Noticed a rust devil
 10042 | D:10     | Killed a kobold demonologist
 10045 | D:10     | Killed a kobold demonologist
 10058 | D:10     | Killed a two-headed ogre
 10059 | D:10     | Reached skill level 10 in Fighting
 10059 | D:10     | Reached skill level 5 in Dodging
 10242 | D:10     | Found an iron altar of Okawaru.
 10622 | D:10     | Reached XP level 11. HP: 90/90 MP: 11/11
 10639 | D:10     | Reached **** piety under Wu Jian
 10889 | D:10     | Found a hazy altar of Hepliaklqana.
 11012 | D:11     | Noticed a death yak
 11029 | D:11     | Killed a death yak
 11032 | D:11     | Reached skill level 12 in Shapeshifting
 11220 | D:11     | Found a staircase to the Lair.
 11251 | D:11     | Noticed a tengu warrior
 11263 | D:11     | Killed a tengu warrior
 11383 | D:11     | Noticed a two-headed ogre
 11394 | D:11     | Killed a two-headed ogre
 11540 | D:11     | Noticed Psyche
 11543 | D:11     | Killed Psyche
 11716 | D:11     | Noticed an oklob plant
 11814 | D:11     | Got Ybisch's Quarto of the Snake and Permutations
 11869 | D:11     | Noticed Erica
 11874 | D:11     | Killed Erica
 11875 | D:11     | Reached skill level 10 in Dodging
 12046 | D:11     | Noticed a manticore
 12056 | D:11     | Reached XP level 12. HP: 100/100 MP: 10/12
 12199 | D:11     | Got Suqyll's Incunable of the Grave and Virulence
 12537 | Lair:1   | Entered Level 1 of the Lair of Beasts
 12537 | Lair:1   | Noticed Sonja
 12578 | Lair:1   | Killed Sonja
 12862 | Lair:1   | Reached skill level 13 in Shapeshifting
 13249 | Lair:1   | Reached ***** piety under Wu Jian
 13888 | Lair:2   | Found a staircase to the Snake Pit.
 13892 | Lair:2   | Noticed a seven-headed hydra
 13903 | Lair:2   | Killed a seven-headed hydra
 13904 | Lair:2   | Reached XP level 13. HP: 81/109 MP: 13/13
 14006 | Lair:2   | Reached skill level 14 in Shapeshifting
 14154 | Lair:2   | Noticed Urug
 14162 | Lair:2   | Killed Urug
 14740 | Lair:2   | Identified the +1 scale mail of Gluttony {rElec Will-
                  | Int+3}
 14883 | Lair:3   | Found a gate leading to a gauntlet.
 14903 | Lair:3   | Reached skill level 15 in Shapeshifting
 14926 | Gauntlet | Entered a Gauntlet
 14926 | Gauntlet | Found a transporter.
 14926 | Gauntlet | Found a runed translucent door.
 14949 | Gauntlet | Found a runed translucent door.
 14951 | Gauntlet | Found a transporter.
 14954 | Gauntlet | Found a transporter.
 14955 | Gauntlet | Found a transporter.
 14963 | Gauntlet | Found a transporter.
 14966 | Gauntlet | Found a transporter.
 14967 | Gauntlet | Found a transporter.
 14976 | Gauntlet | Found a transporter.
 14979 | Gauntlet | Found a transporter.
 14980 | Gauntlet | Found a transporter.
 14986 | Gauntlet | Found a runed translucent gate.
 14986 | Gauntlet | Found a runed translucent gate.
 14987 | Gauntlet | Found a runed translucent gate.
 14988 | Gauntlet | Found a transporter.
 14991 | Gauntlet | Found a transporter.
 14992 | Gauntlet | Found a transporter.
 15000 | Gauntlet | Found a transporter.
 15102 | Gauntlet | Noticed an ironbound thunderhulk
 15114 | Gauntlet | Identified the ring of Gudeoptosao {rPois rF+ rC- MP+9}
 15256 | Gauntlet | Reached XP level 14. HP: 119/119 MP: 14/14
 15257 | Gauntlet | Identified the +1 pair of boots of Intercession {rF+ rN+
                  | Str+2 Int+2}
 15388 | Gauntlet | HP: 5/142 [minotaur/+2 eveningstar of venom (6)]
 15389 | Gauntlet | Slain by a minotaur

Illustrated notes

Levels and vault maps discovered:
D:1:      lemuel_arrival_hallway, layout_basic, minmay_misc_feat_columns,
          glass_columns_a, chequers_serial_rivers_marsh, corexii_hall_statues_x
D:2:      layout_basic, serial_shops, shop, nicolae_kite_square_tiling_tiny,
          guppyfry_early_lair_pool
D:3:      layout_loops_ring, nicolae_overflow_hallway_of_the_gods,
          nicolae_grassy_gnolls
D:4:      layout_basic, mainiacjoe_overflow_boulevard,
          nicolae_qazlal_style_of_elements, serial_shops, shop_fountains,
          kennysheep_mini, shop
D:5:      layout_layer_cave, tso_metal_star, dk_noncrumbling_4,
          roderic_roman_lattice, minmay_ogre_servants, uniq_menkaure
D:6:      layout_basic, minmay_temple_entry_tees
D:7:      layout_layer_cave, mainiacjoe_overflow_six_doors_small,
          mainiacjoe_ossuary_entry_find_the_door
D:8:      layout_rooms, lightli_temple_of_fire, serial_shops,
          nicolae_shop_advertising_works [nicolae_subvault_shop_adworks]
D:9:      layout_loops_ring, lemuel_tele_altar, minmay_orc_entry_temple_small,
          kennysheep_generic_room_13
D:10:     layout_basic, nzn_hepliaklqana_mist_gate, mainiacjoe_overflow_brackets
D:11:     layout_loops_corners, david_lair_generic, introduction_to_nature_2,
          uniq_erica, uniq_psyche
Lair:1:   layout_chaotic_city, lemuel_fruit_tree, uniq_sonja
Lair:2:   layout_loops_ring, nicolae_shoals_entry_flooding,
          minmay_snake_entry_guardpost_large, nicolae_lair_lil_pond,
          nicolae_lair_lakeside_cave, uniq_urug
Lair:3:   layout_cave_shapes, gauntlet_entry_generic, cheibrodos_lair_lostbears
Gauntlet: gammafunk_gauntlet_77_escape_option [minmay_gauntlet_arena_77_cramped,
          minmay_gauntlet_arena_77_braids, minmay_gauntlet_arena_77_checkered,
          minmay_gauntlet_arena_77_run_for_it,
          minmay_gauntlet_arena_77_block_sizes,
          nicolae_gauntlet_exit_dead_adventurers]

Skill      XL: |  1  2  3  4  5  6  7  8  9 10 11 12 13 |
---------------+----------------------------------------+-----
Fighting       | 2 3 4 5 7 8 10 11 12 13 | 13.9
Unarmed Combat | 4 5 6 7 9 10 11 12 14 | 14.2
Shapeshifting  | 5 6 7 8 10 11 12 13 15 | 15.4
Dodging        | 6 10 12 13 | 13.0

Action                     |  1- 3 |  4- 6 |  7- 9 | 10-12 | 13-15 || total
---------------------------+-------+-------+-------+-------+-------++-------
  Melee: Unarmed           |    65 |   146 |   345 |   406 |   251 ||  1213
         Punch             |     1 |     5 |     2 |       |       ||     8
         Constrict         |       |       |       |    86 |    52 ||   138
         Maw               |       |       |       |     8 |       ||     8
 Invoke: Heavenly Storm    |       |       |       |       |     1 ||     1
         Serpent's Lash    |       |       |       |       |     1 ||     1
Ability: Lunge             |       |     5 |    13 |    33 |    12 ||    63
         Whirlwind         |       |       |     1 |     6 |     3 ||    10
  Evoke: Wand              |       |     1 |     1 |       |       ||     2
    Use: Scroll            |       |       |    19 |     1 |     1 ||    21
         Potion            |       |       |       |     1 |       ||     1
   Stab: Invisible         |       |     3 |     1 |       |       ||     4
         Sleeping          |       |     1 |       |     3 |       ||     4
 Armour: Animal skin       |    27 |    36 |       |       |       ||    63
         Ring mail         |       |    30 |    57 |       |       ||    87
         Skin              |       |       |   114 |   201 |   154 ||   469
  Dodge: Dodged            |    38 |    50 |   258 |   288 |   221 ||   855
   Form: Storm             |     1 |       |     1 |       |       ||     2
         Flux              |     1 |       |     1 |       |       ||     2
         Beast             |     1 |       |       |       |       ||     1
         Serpent           |       |       |       |     1 |       ||     1
         Maw               |       |       |       |     1 |       ||     1

Table legend: (Time is in decaauts)
 A = Elapsed time spent in this place.
 B = Non-inter-level travel time spent in this place.
 C = Inter-level travel time spent in this place.
 D = Time resting spent in this place.
 E = Time spent auto-exploring this place.
 F = Levels seen in this place.
 G = Mean time per level.
                   A        B        C        D        E       F      G
               +--------+--------+--------+--------+--------+-----+--------+
         Total |  15191 |  14739 |    452 |    330 |  12062 |  16 |  949.4 |
       Dungeon |  11869 |  11447 |    422 |    105 |   9797 |  11 | 1079.0 |
          Lair |   2296 |   2266 |     30 |     95 |   1655 |   3 |  765.3 |
       Ossuary |    569 |    569 |      0 |      0 |    464 |   1 |  569.0 |
      Gauntlet |    455 |    455 |      0 |    130 |    146 |   1 |  455.0 |
               +--------+--------+--------+--------+--------+-----+--------+

Top non-repeatable levels by time:
     D:5: 2094 daAuts
    D:11: 1548 daAuts
     D:9: 1332 daAuts
  Lair:2: 1248 daAuts
     D:7: 1172 daAuts
     D:2: 1099 daAuts
    D:10: 1017 daAuts
  Lair:1: 973 daAuts
     D:6: 869 daAuts
     D:8: 804 daAuts
     D:4: 685 daAuts
     D:3: 648 daAuts
     D:1: 599 daAuts
 Ossuary: 569 daAuts
Gauntlet: 455 daAuts
